 Dungeon Crawl Stone Soup version 0.27.1-15-g792fb953b9 (webtiles) character file.

Game seed: 9319370363211411113

16 zeram the Ducker (level 2, -1/21 HPs)
             Began as an Octopode Fighter on Nov 18, 2021.
             Slain by a hobgoblin (6 damage)
             ... led by Robin
             ... on level 2 of the Dungeon.
             The game lasted 00:00:41 (1049 turns).

zeram the Ducker (Octopode Fighter)                 Turns: 1049, Time: 00:00:43

Health: -1/21      AC:  1    Str: 15    XL:     2   Next: 54%
Magic:  2/2        EV: 11    Int: 10    God:
Gold:   56         SH:  8    Dex: 11    Spells: 1/1 levels left

rFire    + . .     SeeInvis .   a - +0 war axe
rCold    . . .     Faith    .   b - +0 kite shield
rNeg     . . .     Spirit   .   (helmet restricted)
rPois    .         Reflect  .   (no amulet)
rElec    .         Harm     .   f - ring of protection from fire
rCorr    .         Rampage  .   (no ring)
Will     .....                  (no ring)
Stlth    ++........             (no ring)
HPRegen  0.07/turn              (no ring)
MPRegen  0.08/turn              (no ring)
                                (no ring)
                                (no ring)

@: no status effects
A: almost no armour, amphibious, 8 rings, camouflage 1, gelatinous body 1,
(nimble swimmer 1), tentacles
a: no special abilities


You were on level 2 of the Dungeon.
You visited 1 branch of the dungeon, and saw 2 of its levels.

You collected 56 gold pieces.

Inventory:

Hand Weapons
 a - a +0 war axe (weapon)
Armour
 b - a +0 kite shield (worn)
Jewellery
 f - a ring of protection from fire (left tentacle)
Scrolls
 d - a scroll of teleportation {unknown}
Potions
 c - a potion of might
 e - a potion of curing {unknown}


   Skills:
 - Level 3.0 Fighting
 - Level 2.0 Axes
 + Level 3.8 Dodging
 - Level 3.0 Shields


You had one spell level left.
You didn't know any spells.
Your spell library was empty.

Dungeon Overview and Level Annotations

Branches:
Dungeon (2/15)

Altars:

Annotations:
D:2 Robin


Innate Abilities, Weirdness & Mutations

You cannot wear most types of armour.
You are amphibious.
You can wear up to eight rings at the same time.
Your skin changes colour to match your surroundings (Stealth+).
Your rubbery body absorbs attacks. (AC +1, EV +1)
((You are camouflaged near water. (Stealth+)))
You have tentacles for arms and can constrict up to eight enemies at once.


Message History

HP restored.
There is an escape hatch in the ceiling here.
You see here a frilled lizard corpse.
A hobgoblin comes into view.
A hobgoblin is nearby!
A hobgoblin is nearby!
A hobgoblin is nearby!
A hobgoblin is nearby! 4 goblins and 2 hobgoblins come into view.
The hobgoblin shouts!
A goblin comes into view. It is wielding a +0 dagger.
A goblin and Robin come into view.
Robin shouts!
A hobgoblin comes into view.
The goblin shouts! x3; The hobgoblin shouts!
Robin says, "My goblins will feast on your bones."
The goblin shouts!
A hobgoblin comes into view.
Robin throws the goblin at you!
The hobgoblin shouts!
You hit the hobgoblin. Your grab misses the hobgoblin.
You squeeze the hobgoblin.
The hobgoblin is heavily wounded.
You closely miss the goblin. You barely miss the hobgoblin.
You hit the hobgoblin but do no damage. You block the hobgoblin's attack.
You block the goblin's attack.
Robin roars a battlecry!
The goblins go into a battle-frenzy!
The hobgoblin hits you. The hobgoblin barely misses you.
The hobgoblin hits you. You block the goblin's attack.
Robin throws the goblin at you! You block the goblin's attack.
You block the hobgoblin's attack. The goblin hits you with a +0 club.
* * * LOW HITPOINT WARNING * * *
You closely miss the goblin. Your grab misses the goblin.
You squeeze the goblin.
You kill the goblin!
You hit the hobgoblin. You hit the goblin.
You kill the goblin!
You hit the goblin. The goblin closely misses you. The hobgoblin hits you.
You die...

.. #######.###+#..
#........#....# #
#........#....#
..#........#....#
##....g...##....#
.......gg.##....#
#...gggg###....#
....g.gg@)......#
############†...##.#
#.....<......#
#.############ #.#
#.# #.# #.# #.#


You could see Robin, 5 hobgoblins and 4 goblins.

Vanquished Creatures
  2 ball pythons (D:1)
  A giant cockroach (D:1)
  4 goblins
  3 hobgoblins (D:1)
  A kobold (D:1)
  A quokka (D:1)
  2 frilled lizards
  A rat (D:1)
15 creatures vanquished.

Notes
Turn   | Place    | Note
-------+----------+-------------------------------------------
     0 | D:1      | zeram the Octopode Fighter began the quest for the Orb.
     0 | D:1      | Reached XP level 1. HP: 16/16 MP: 1/1
    49 | D:1      | Found a faded altar of an unknown god.
    56 | D:1      | Reached XP level 2. HP: 14/21 MP: 2/2
  1044 | D:2      | Noticed Robin
  1049 | D:2      | Slain by a hobgoblin

Illustrated notes

Levels and vault maps discovered:
D:1:      minmay_arrival_diagonal_passages, layout_loops_corners,
          shapermc_ecumenical_altar_starsandcircs
D:2:      layout_basic, serial_corexii_hall, corexii_hall_statues_i,
          corexii_hall_statues_i, chequers_hall_statues_y, serial_shops,
          nicolae_shop_trees, uniq_robin

Action                   || total
-------------------------++-------
Melee: War axe           ||    25
       Constrict         ||     5
       Tentacles         ||     3
 Stab: Sleeping          ||     4
Armor: Skin              ||     3
Dodge: Dodged            ||    10
Block: Kite shield       ||    15
